 Dungeon Crawl Stone Soup version 0.29-a0-834-g1e95ca9f62 (webtiles) character file.

Game seed: 15876873979095196610

243665 magipi the Severer (level 21, -4/184 HPs)
             Began as a Meteoran Berserker on July 11, 2022.
             Was the Champion of Trog.
             Killed from afar by a deep elf annihilator (40 damage)
             ... with an iron shot
             ... on level 3 of the Elven Halls on July 12, 2022.
             The game lasted 01:49:44 (14532 turns).

magipi the Severer (Meteoran Berserker)            Turns: 14532, Time: 01:49:45

Health: -4/184     AC: 18    Str: 24    XL:     21   Next: 5%
Magic:  22/22      EV: 20    Int: 14    God:    Trog [******]
Gold:   803        SH: 15    Dex: 25    Spells: 20/20 levels left

rFire   + . .      SeeInvis +   a - +5 broad axe (elec)
rCold   + + .      Faith    .   Z - +0 kite shield {reflect}
rNeg    + + .      Spirit   .   G - +1 chain mail {Will+}
rPois   +          Reflect  +   p - +0 helmet
rElec   +          Harm     .   O - scarf {rC+ rF+}
rCorr   .          Rampage  .   M - +0 pair of fencer's gloves {Riposte Dex+3}
Will    +++..                   F - +2 pair of boots
Stlth   ..........              r - amulet of Feidoet {Contam rPois rN+ Regen+ Int+2}
HPRegen 1.20/turn               c - ring "Healiz" {rElec rC+ rN+ Dex+2}
MPRegen 0.18/turn               i - ring of see invisible

@: corroded, on berserk cooldown, slowed, glowing, studying Polearms, very slow
A: sense surroundings 3, otherworldly, glowing, explore regen, thin skeletal
structure 1, mutation resistance 1, passive freeze
}: 2/15 runes: decaying, gossamer
a: Renounce Religion, Berserk, Trog's Hand, Brothers in Arms


You were on level 3 of the Elven Halls.
You worshipped Trog.
Trog was exalted by your worship.
You visited 6 branches of the dungeon, and saw 34 of its levels.
You also visited: Gauntlet.

You collected 3734 gold pieces.
You spent 2931 gold pieces at shops.

Inventory:

Hand Weapons
 a - a +5 broad axe of electrocution (weapon)
   (You bought it in a shop on level 2 of the Orcish Mines)
 b - a +2 broad axe of flaming
   (Trog gifted it to you on level 1 of the Swamp)
Missiles
 y - 3 throwing nets
 H - 6 curare-tipped darts
 J - 2 boomerangs of dispersal
 K - 8 silver javelins
 R - 9 boomerangs (quivered)
 S - 13 javelins
Armour
 p - a +0 helmet (worn)
   (You took it off Robin on level 2 of the Dungeon)
 F - a +2 pair of boots (worn)
   (You found it on level 3 of the Lair of Beasts)
 G - a +1 chain mail of willpower (worn)
   (You took it off Donald on level 3 of the Spider Nest)
 M - the +0 pair of fencer's gloves (worn) {Riposte Dex+3}
   (You found it in a Gauntlet)

   It allows the wearer to riposte with melee weapons, swiftly retaliating
   against missed or blocked melee attacks.
   Dex:       It affects your dexterity (+3).
 O - a scarf of resistance (worn)
   (You found it on level 4 of the Spider Nest)
 Z - a +0 kite shield of reflection (worn)
   (You took it off Donald on level 3 of the Spider Nest)
Jewellery
 c - the ring "Healiz" (left hand) {rElec rC+ rN+ Dex+2}
   (You found it on level 10 of the Dungeon)

   [ring of positive energy]

   Dex:       It affects your dexterity (+2).
   rC:        It protects you from cold.
   rElec:     It insulates you from electricity.
   rN:        It protects you from negative energy.
 i - a ring of see invisible (right hand)
   (You found it on level 4 of the Spider Nest)
 o - a ring of resist corrosion
   (You found it on level 6 of the Dungeon)
 r - the amulet of Feidoet (around neck) {Contam rPois rN+ Regen+ Int+2}
   (You acquired it on level 6 of the Lair of Beasts)

   [amulet of regeneration]

   Int:       It affects your intelligence (+2).
   rPois:     It protects you from poison.
   rN:        It protects you from negative energy.
   Contam:    It causes magical contamination when unequipped.
   Regen:     It increases your rate of health regeneration.
 s - a +4 ring of slaying
   (You found it on level 5 of the Dungeon)
 v - a +4 ring of protection
   (You found it on level 4 of the Dungeon)
Wands
 w - a wand of iceblast (25)
   (You found it on level 3 of the Lair of Beasts)
 D - a wand of digging (6)
   (You found it on level 2 of the Swamp)
 I - a wand of polymorph (20)
   (You found it on level 8 of the Dungeon)
 V - a wand of light (19)
   (You found it in a Gauntlet)
 W - a wand of mindburst (8)
   (You found it on level 13 of the Dungeon)
 Y - a wand of paralysis (8)
   (You bought it in a shop on level 2 of the Elven Halls)
Scrolls
 j - 11 scrolls of identify
 k - 7 scrolls of immolation
 l - 4 scrolls of fear
 m - 2 scrolls of vulnerability
 u - 2 scrolls of silence
 z - 6 scrolls of enchant armour
 A - 5 scrolls of teleportation
 B - 4 scrolls of noise
 E - 2 scrolls of poison
 L - 5 scrolls of magic mapping
 N - 2 scrolls of fog
 P - 6 scrolls of blinking
Potions
 d - 5 potions of heal wounds
 e - 8 potions of lignification
 f - 2 potions of might
 g - 7 potions of mutation
 h - 2 potions of cancellation
 n - 5 potions of ambrosia
 q - 5 potions of flight
 t - 2 potions of curing
 x - 2 potions of attraction
 Q - 2 potions of resistance
 U - 4 potions of haste
Miscellaneous
 C - a phial of floods
   (You found it on level 6 of the Lair of Beasts)
 X - a condenser vane
   (You found it on level 4 of the Lair of Beasts)


   Skills:
 + Level 15.3 Fighting
 - Level 18.0 Axes
 + Level 15.3 Throwing
 + Level 16.2 Armour
 + Level 16.3 Dodging
 + Level 14.9 Shields
 + Level 14.9 Evocations


You had 20 spell levels left.
You didn't know any spells.
Your spell library was empty.

Dungeon Overview and Level Annotations

Branches:
Dungeon (15/15) Zot: 2167    Lair (6/6) D:11 Zot: 682   Swamp (4/4) Lair:3 Zot: 1341
 Spider (4/4) Lair:4 Zot: 1023     Orc (2/2) D:11 Zot: 52     Elf (3/3) Orc:2 Zot: 712
 Vaults (0/5) D:13         Depths (0/4) D:15        Gauntlet (visited)
 Temple: D:4-7        Slime: Lair:5-6

Altars:
Cheibriados
Sif Muna
Uskayaw
Vehumet
Xom

Shops:
D:4 *   Orc:2 *??[(*[=(   Elf:2 *=

Annotations:
D:14 Notad's ghost, journeyman TrMo
Spider:1 3 runed translucent doors, Duxop's ghost, adept TrMo; Noddigo's ghost, adept VSFi; kMk's ghost, adept DrHu
Elf:1 Aizul


Innate Abilities, Weirdness & Mutations

You passively map a large area around you.
You are easily found by Zot.
You glow in the dark.
You regain HP and MP as you explore.
You have a somewhat thin skeletal structure. (Dex +2, Stealth+)
You are somewhat resistant to further mutation.
A frigid envelope surrounds you and freezes all who hurt you.


Message History

You block the earth elemental's attack.
You riposte.
You slash the earth elemental!
The earth elemental is heavily damaged.
Your extra speed is starting to run out.
Unknown command.
You block the earth elemental's attack.
You riposte.
You slash the earth elemental!
The earth elemental is severely damaged.
The deep elf elementalist gestures at you while chanting.
Some walls begin to move on their own!
You hear a shout!
Unknown command.
Unknown command.
You slice the deep elf elementalist!!
The deep elf elementalist is heavily wounded.
You hit the earth elemental.
You hit the earth elemental but do no damage.
The earth elemental hits you.
The earth elemental completely resists.
The earth elemental completely misses you.
You riposte.
You slash the earth elemental!
The earth elemental is moderately damaged.
You hit the deep elf elementalist. You slash the earth elemental!
You hit the earth elemental. You slice the deep elf elementalist!!
The deep elf elementalist is almost dead.
You slash the earth elemental! You hit the earth elemental.
You barely miss the earth elemental.
The deep elf elementalist casts a spell.
The deep elf elementalist seems to speed up.
Unknown command.
Unknown command.
You closely miss the deep elf elementalist.
The deep elf elementalist is almost dead.
You slice the earth elemental!!
You destroy the earth elemental!
The earth elemental disappears in a puff of smoke!
You hit the earth elemental.
You destroy the earth elemental!
The earth elemental disappears in a puff of smoke!
You slash the earth elemental!
You feel yourself slow down.
The deep elf elementalist completely misses you.
You riposte.
You slice the deep elf elementalist!!
You kill the deep elf elementalist!
Trog accepts your kill.
Trog appreciates your killing of a magic user.
The earth elemental disappears in a puff of smoke!
A deep elf sorcerer comes into view. It is wielding a +0 long sword.
As you read the scroll of fog, it crumbles to dust.
The scroll dissolves into smoke.
Your cyclops goes berserk!
The deep elf sorcerer gestures at you while chanting.
The bolt of acid hits you!! The acid corrodes you!
The bolt of acid hits your cyclops!!! The acid corrodes your cyclops!
The deep elf annihilator completely misses you.
Unknown command.
Unknown command.
Unknown command.
You feel much better.
You block the deep elf annihilator's attack.
Unknown command.
Unknown command.
You slice the deep elf annihilator!!
The deep elf annihilator is moderately wounded.
You closely miss the deep elf sorcerer.
A deep elf master archer comes into view.
The deep elf sorcerer hits you but does no damage.
The deep elf sorcerer is very cold.
The deep elf sorcerer is lightly wounded.
The deep elf annihilator misses you.
Your cyclops barely misses the deep elf sorcerer.
Unknown command.
Unknown command.
Unknown command.
You slice the deep elf sorcerer!!
The deep elf sorcerer is heavily wounded.
You slash the deep elf annihilator!
You feel a little less mighty now.
The deep elf sorcerer hits you but does no damage.
The deep elf sorcerer is very cold.
The deep elf sorcerer is heavily wounded.
The deep elf annihilator gestures wildly while chanting.
The deep elf annihilator blinks!
Your cyclops hits the deep elf sorcerer!!!
The deep elf sorcerer dies!
Trog accepts your kill.
Trog appreciates your killing of a magic user.
Unknown command.
You slash the deep elf master archer!
The deep elf master archer is lightly wounded.
The deep elf master archer wields a +0 longbow.
The deep elf master archer shoots an arrow.
The arrow hits you!!
The deep elf master archer shoots an arrow.
The arrow hits you!!
* * * LOW HITPOINT WARNING * * *
Your cyclops barely misses the deep elf master archer.
The deep elf annihilator points at you and mumbles some strange words.
The iron shot hits you!!!
You die...

#..............###......#
#.............^........##
#..#######.###.###.#####.
#..# #.# #.# #.# ##..
#..# #.# #.# #.###...
#..# ##'###'###'##...#
#..# ###...#.....###...#
#..# #.§§...............
#..# ##§@§........#⌠....)
#..###§eC...............)
#....§§§§§........###..)#
#.)e.§§§.§........, #...#
#..##.).....e.... ##...
##.)##............ ##..
#.)).e............ ,###.
####§####.##########
,*#.## #..e).).### * ##.#


You could see a deep elf master archer (ally target), a deep elf annihilator and
a friendly cyclops (summoned, berserk, corroded).

Vanquished Creatures
  A tentacled monstrosity (Swamp:4)
  Jorgrun (D:12)
  A deep elf blademaster (Elf:3)
  Mlioglotl (Swamp:2)
  A deep elf master archer (Elf:3)
  A thorn hunter (Swamp:1)
  7 emperor scorpions
  4 deep elf sorcerers
  A fenstrider witch (Swamp:2)
  3 ghost moths (Spider:4)
  2 ghouls (Swamp:3)
  4 deep elf elementalists (Elf:3)
  An eleionoma (Swamp:2)
  A deep elf demonologist (Elf:3)
  3 deep elf annihilators (Elf:3)
  A bunyip (Swamp:2)
  2 spark wasps
  A minotaur (Gauntlet)
  4 entropy weavers
  A blizzard demon (Gauntlet)
  A shambling mangrove (Swamp:2)
  2 deep elf high priests (Elf:3)
  3 deep elf death magi (Elf:3)
  2 fire dragons
  An ice dragon (Lair:6)
  7 boulder beetles
  Fannar (D:12)
  3 jorogumos
  15 hydras
  2 ghost crabs
  15 two-headed ogres
  2 vault guards (D:13)
  A catoblepas (Gauntlet)
  2 centaur warriors (D:14)
  4 ogre magi (Orc:2)
  2 radroaches (Spider:2)
  9 alligators
  12 dancing weapons
  2 tengu warriors (D:10)
  Urug (D:11)
  Nergalle (D:11)
  15 deep elf knights
  5 spriggans
  4 pharaoh ants
  9 skeletal warriors
  4 spriggan druids
  5 goliath frogs
  8 orb spiders
  5 steelbarb worms
  8 swamp dragons
  10 deep elf archers
  2 wizards (D:13)
  5 bog bodies
  2 lindwurms
  2 orc knights
  14 deep elf zephyrmancers
  18 deep elf pyromancers
  A necromancer (D:13)
  4 orc sorcerers
  10 ugly things
  16 wolf spiders
  2 cyclopes
  7 manticores
  5 will-o-the-wisps
  10 elephants
  A gargoyle (Gauntlet)
  7 torpor snails
  3 minotaur zombies (Gauntlet)
  3 cane toads
  3 kobold demonologists
  A freezing wraith (D:14)
  2 komodo dragons
  A yaktaur (D:13)
  2 rime drakes
  9 demonic crawlers
  3 trolls
  2 polar bears
  A slime creature (D:10)
  7 tyrant leeches
  A spectral dream sheep (Gauntlet)
  23 tarantellas
  19 blink frogs
  14 hornets
  14 dream sheep
  27 jumping spiders
  A shadow (D:10)
  A centaur simulacrum (D:10)
  2 water elementals (Elf:2)
  Sigmund (D:2)
  19 humans (D:13)
  47 yaks
  21 culicivoras
  2 wraiths (D:10)
  A vampire (D:11)
  5 wyverns
  A hog (shapeshifter) (Elf:2)
  A yak (shapeshifter) (D:13)
  A fire elemental (Elf:1)
  12 vampire mosquitoes
  63 redbacks
  8 basilisks
  3 steam dragons
  15 swamp worms
  6 wargs
  9 water moccasins
  6 acid dragons
  20 orc warriors
  5 swamp drakes
  2 ice beasts (D:7)
  A sky beast (D:4)
  A black bear (D:4)
  22 ogres
  7 centaurs
  19 wolves
  A phantom (D:6)
  9 kobold brigands
  10 bullfrogs
  2 gnoll sergeants
  6 scorpions
  An earth elemental (Elf:2)
  3 necrophages
  8 wights (D:8)
  4 killer bees (D:10)
  5 howler monkeys
  6 electric eels
  A hound (D:5)
  17 orc priests
  Jessica (D:2)
  9 iguanas
  26 orc wizards
  4 hell rats (Lair:3)
  A spriggan simulacrum (Lair:2)
  Robin (D:2)
  17 gnolls
  3 adders
  A shadow imp (D:6)
  2 white imps (D:6)
  2 worms (D:4)
  A dart slug (D:4)
  66 orcs
  6 endoplasms
  4 giant cockroaches
  11 goblins
  5 hobgoblins
  4 quokkas
  6 ball pythons
  10 bats
  4 frilled lizards
  13 kobolds
  5 rats
  A briar patch (Swamp:1)
1021 creatures vanquished.

Vanquished Creatures (collateral kills)
  Bai Suzhen (Swamp:3)
  Donald (Spider:3)
  A deep elf sorcerer (Elf:3)
  2 emperor scorpions
  A boulder beetle (D:10)
  A death scarab (Gauntlet)
  4 two-headed ogres (Orc:2)
  3 orb spiders
  A wolf spider (Spider:2)
  2 redbacks
  An acid dragon (D:12)
  An orc warrior (Orc:2)
  8 ogres (Orc:2)
27 creatures vanquished.

Vanquished Creatures (others)
  A spriggan (Swamp:3)
  A deep elf knight (Elf:2)
  A swamp dragon (Swamp:3)
  A deep elf zephyrmancer (Elf:2)
  A deep elf pyromancer (Elf:2)
  A wolf spider (Spider:2)
  2 bloated husks (Swamp:3)
  A hornet (Swamp:3)
  2 culicivoras
  A swamp worm (Swamp:3)
  2 briar patches (Swamp:1)
  14 demonic plants (Gauntlet)
  20 foxfires
  20 fungi
  93 plants
161 creatures vanquished.

Grand Total: 1209 creatures vanquished

Notes
Turn   | Place    | Note
-------+----------+-------------------------------------------
     0 | D:1      | magipi the Meteoran Berserker began the quest for the Orb.
     0 | D:1      | Reached XP level 1. HP: 19/19 MP: 2/2
    83 | D:1      | Reached XP level 2. HP: 17/26 MP: 3/3
   174 | D:1      | Reached skill level 4 in Axes
   239 | D:1      | Reached XP level 3. HP: 27/31 MP: 4/4
   249 | D:2      | Noticed Jessica
   267 | D:2      | Killed Jessica
   268 | D:2      | Reached XP level 4. HP: 33/40 MP: 5/5
   565 | D:2      | Noticed Sigmund
   580 | D:2      | Killed Sigmund
   581 | D:2      | Reached skill level 5 in Axes
   581 | D:2      | Reached XP level 5. HP: 46/46 MP: 6/6
   581 | D:2      | Reached XP level 6. HP: 52/52 MP: 7/7
   671 | D:2      | Reached ** piety under Trog
   902 | D:2      | Noticed Robin
   918 | D:2      | Killed Robin
   999 | D:4      | Found Ciohirof's Assorted Antiques.
  1070 | D:4      | Reached skill level 6 in Axes
  1070 | D:4      | Reached XP level 7. HP: 60/60 MP: 8/8
  1238 | D:4      | Found a shimmering altar of Xom.
  1240 | D:4      | Found a hide-covered altar of Uskayaw.
  1242 | D:4      | Found a radiant altar of Vehumet.
  1244 | D:4      | Found a snail-covered altar of Cheibriados.
  1321 | D:4      | Reached skill level 5 in Fighting
  1321 | D:4      | Reached skill level 7 in Axes
  1321 | D:4      | Reached XP level 8. HP: 68/68 MP: 9/9
  1486 | D:4      | Reached skill level 5 in Armour
  1486 | D:4      | Reached skill level 5 in Dodging
  1520 | D:5      | Entered Level 5 of the Dungeon
  1563 | D:4      | Bought a scroll labelled UZXYWK ISUZ for 35 gold pieces
  1563 | D:4      | Bought a metallic cyan potion for 31 gold pieces
  1563 | D:4      | Bought a scroll labelled UZXYWK ISUZ for 35 gold pieces
  1563 | D:4      | Bought a clear potion for 31 gold pieces
  1713 | D:5      | Reached skill level 8 in Axes
  1729 | D:6      | Reached *** piety under Trog
  1831 | D:6      | Identified the +6 spear "Jat Ixeh" {speed, rN+ MP+9}
  1865 | D:6      | Gained mutation: You passively map the area around you.
                  | [Meteoran growth]
  1865 | D:6      | Reached XP level 9. HP: 69/75 MP: 10/10
  1918 | D:6      | Reached skill level 1 in Throwing
  2247 | D:7      | Found a shimmering blue altar of Sif Muna.
  2258 | D:7      | Reached skill level 9 in Axes
  2443 | D:7      | Reached **** piety under Trog
  2493 | D:7      | Reached skill level 1 in Shields
  2493 | D:7      | Reached XP level 10. HP: 59/84 MP: 7/11
  2723 | D:8      | Reached skill level 10 in Axes
  2896 | D:9      | Reached skill level 1 in Evocations
  2937 | D:9      | Noticed a deep elf knight
  2948 | D:9      | Killed a deep elf knight
  2956 | D:9      | Reached ***** piety under Trog
  2985 | D:9      | Reached skill level 5 in Throwing
  3022 | D:9      | Reached skill level 11 in Axes
  3034 | D:9      | Reached XP level 11. HP: 92/92 MP: 12/12
  3187 | D:9      | Noticed a two-headed ogre
  3211 | D:9      | Killed a two-headed ogre
  3367 | D:10     | Entered Level 10 of the Dungeon
  3367 | D:10     | Noticed an eight-headed hydra
  3383 | D:10     | Noticed a four-headed hydra
  3397 | D:10     | Killed an eight-headed hydra
  3438 | D:10     | Gained mutation: You sometimes lose your temper in combat.
                  | [potion of mutation]
  3438 | D:10     | Gained mutation: Your spells are a little harder to cast,
                  | but a little more powerful. [potion of mutation]
  3445 | D:10     | Received a gift from Trog
  3446 | D:10     | Reached skill level 12 in Axes
  3453 | D:10     | Reached skill level 5 in Shields
  3490 | D:10     | Noticed a manticore
  3500 | D:10     | Killed a manticore
  3513 | D:10     | Found a flagged portal.
  3588 | D:10     | Reached XP level 12. HP: 92/103 MP: 9/13
  3638 | D:10     | Noticed a two-headed ogre
  3656 | D:10     | Killed a two-headed ogre
  3657 | D:10     | Reached skill level 5 in Evocations
  3871 | D:10     | Noticed a deep elf pyromancer
  3888 | D:10     | Killed a deep elf pyromancer
  4028 | D:10     | Noticed a boulder beetle
  4029 | D:10     | Noticed a boulder beetle
  4029 | D:10     | Noticed a tengu warrior
  4056 | D:10     | Killed a tengu warrior
  4057 | D:10     | Reached skill level 13 in Axes
  4059 | D:10     | Killed a boulder beetle
  4064 | D:10     | Noticed a tengu warrior
  4077 | D:10     | Killed a boulder beetle
  4084 | D:10     | Killed a tengu warrior
  4103 | D:10     | Noticed a boulder beetle
  4118 | D:10     | Killed a boulder beetle
  4119 | D:10     | Reached XP level 13. HP: 64/111 MP: 12/14
  4120 | D:10     | Identified the +11 arbalest of Lielisk {flame, Dex+4}
  4123 | D:10     | Identified the ring "Healiz" {rElec rC+ rN+ Dex+2}
  4261 | D:11     | Noticed Nergalle
  4274 | D:11     | Killed Nergalle
  4707 | D:11     | Found a staircase to the Lair.
  4713 | D:11     | Found a staircase to the Orcish Mines.
  4754 | D:11     | Reached skill level 14 in Axes
  4754 | D:11     | Reached skill level 10 in Dodging
  4790 | D:11     | Noticed Urug
  4802 | D:11     | Killed Urug
  4863 | D:11     | Reached skill level 10 in Armour
  5002 | Orc:1    | Entered Level 1 of the Orcish Mines
  5055 | Orc:2    | Entered Level 2 of the Orcish Mines
  5110 | Orc:2    | Noticed a two-headed ogre
  5110 | Orc:2    | Noticed a two-headed ogre
  5110 | Orc:2    | Noticed a two-headed ogre
  5110 | Orc:2    | Noticed a two-headed ogre
  5110 | Orc:2    | Noticed a two-headed ogre
  5110 | Orc:2    | Noticed a two-headed ogre
  5110 | Orc:2    | Noticed a two-headed ogre
  5123 | Orc:2    | Killed a two-headed ogre
  5126 | Orc:2    | Killed a two-headed ogre
  5129 | Orc:2    | Killed a two-headed ogre
  5134 | Orc:2    | Killed a two-headed ogre
  5135 | Orc:2    | Killed a two-headed ogre
  5140 | Orc:2    | Reached skill level 10 in Fighting
  5142 | Orc:2    | Killed a two-headed ogre
  5144 | Orc:2    | Killed a two-headed ogre
  5158 | Orc:2    | Noticed an ogre mage
  5169 | Orc:2    | Noticed an ogre mage
  5179 | Orc:2    | Killed an ogre mage
  5180 | Orc:2    | Reached XP level 14. HP: 88/121 MP: 15/15
  5228 | Orc:2    | Found Hiheyjar's Magic Scroll Boutique.
  5237 | Orc:2    | Bought a scroll of blinking for 112 gold pieces
  5237 | Orc:2    | Bought a scroll of enchant weapon for 112 gold pieces
  5237 | Orc:2    | Bought a scroll of magic mapping for 112 gold pieces
  5237 | Orc:2    | Bought a scroll of identify for 30 gold pieces
  5237 | Orc:2    | Bought a scroll of identify for 30 gold pieces
  5237 | Orc:2    | Bought a scroll of fog for 60 gold pieces
  5268 | Orc:2    | Found Fayczask's Antique Weapon Boutique.
  5374 | Orc:2    | Found Reij Emo's Antique Armour Boutique.
  5385 | Orc:2    | Found Feamid's Magic Scroll Shoppe.
  5388 | Orc:2    | Received a gift from Trog
  5396 | Orc:2    | Found Jeigifel's General Store.
  5403 | Orc:2    | Bought a potion of heal wounds for 50 gold pieces
  5414 | Orc:2    | Bought a scroll of teleportation for 54 gold pieces
  5414 | Orc:2    | Bought a scroll of immolation for 72 gold pieces
  5525 | Orc:2    | Found a staircase to the Elven Halls.
  5798 | Orc:2    | Reached skill level 10 in Throwing
  5907 | Orc:2    | Found Curudo Pudu's General Store.
  5926 | Orc:2    | Found Lohipe's Antique Armour Shop.
  5927 | Orc:2    | Found Fesm's Jewellery Shop.
  5927 | Orc:2    | Found Veoriukk's Weapon Shoppe.
  5934 | Orc:2    | Bought a wand of flame (8) for 89 gold pieces
  5966 | Orc:2    | Bought a broad axe for 84 gold pieces
  5992 | Orc:2    | Bought a runed scarf for 192 gold pieces
  6012 | Orc:2    | Bought a scroll of blinking for 135 gold pieces
  6114 | Lair:1   | Entered Level 1 of the Lair of Beasts
  6464 | Lair:3   | Reached XP level 15. HP: 129/129 MP: 14/16
  6699 | Lair:3   | Found a staircase to the Swamp.
  6893 | Lair:4   | Reached skill level 10 in Shields
  6920 | Lair:4   | Found a hole to the Spider Nest.
  6958 | Lair:4   | Found a gate leading to a gauntlet.
  6966 | Gauntlet | Entered a Gauntlet
  6966 | Gauntlet | Found a transporter.
  6966 | Gauntlet | Found a transporter.
  6970 | Gauntlet | Found a transporter.
  6971 | Gauntlet | Found a transporter.
  6980 | Gauntlet | Found a transporter.
  6993 | Gauntlet | Found a transporter.
  6995 | Gauntlet | Found the +0 pair of fencer's gloves {Riposte Dex+3}
  6997 | Gauntlet | Found a transporter.
  6997 | Gauntlet | Found a transporter.
  7030 | Gauntlet | Found a large runed translucent door.
  7031 | Gauntlet | Found a large runed translucent door.
  7087 | Gauntlet | Found a transporter.
  7089 | Gauntlet | Found a large runed translucent door.
  7090 | Gauntlet | Found a large runed translucent door.
  7091 | Gauntlet | Found a runed translucent door.
  7091 | Gauntlet | Found a runed translucent door.
  7092 | Gauntlet | Found a large runed translucent door.
  7093 | Gauntlet | Found a large runed translucent door.
  7094 | Gauntlet | Found a large runed translucent door.
  7094 | Gauntlet | Found a large runed translucent door.
  7106 | Gauntlet | Found a large runed translucent door.
  7106 | Gauntlet | Found a large runed translucent door.
  7106 | Gauntlet | Found a large runed translucent door.
  7106 | Gauntlet | Found a large runed translucent door.
  7107 | Gauntlet | Found a large runed translucent door.
  7107 | Gauntlet | Found a large runed translucent door.
  7108 | Gauntlet | Found a large runed translucent door.
  7108 | Gauntlet | Found a large runed translucent door.
  7152 | Gauntlet | Identified the amulet "Lyqaq" {Faith Str+6}
  7159 | Gauntlet | Found a runed translucent gate.
  7160 | Gauntlet | Found a transporter.
  7160 | Gauntlet | Found a runed translucent gate.
  7161 | Gauntlet | Found a transporter.
  7161 | Gauntlet | Found a runed translucent gate.
  7239 | Gauntlet | Reached skill level 10 in Evocations
  7362 | Lair:5   | Lost mutation: Your spells are a little harder to cast, but
                  | a little more powerful. [potion of mutation]
  7362 | Lair:5   | Lost mutation: You sometimes lose your temper in combat.
                  | [potion of mutation]
  7362 | Lair:5   | Gained mutation: A frigid envelope surrounds you and
                  | freezes all who hurt you. [potion of mutation]
  7362 | Lair:5   | Gained mutation: You have a somewhat thin skeletal
                  | structure. (Dex +2, Stealth+) [potion of mutation]
  7362 | Lair:5   | Gained mutation: You are somewhat resistant to further
                  | mutation. [potion of mutation]
  7588 | Lair:6   | Entered Level 6 of the Lair of Beasts
  7640 | Lair:6   | Received a gift from Trog
  7893 | Lair:6   | Identified a scroll of acquirement
  7894 | Lair:6   | Acquired the amulet of Feidoet {Contam rPois rN+ Regen+
                  | Int+2}
  8021 | Lair:6   | Reached XP level 16. HP: 126/139 MP: 17/17
  8205 | Lair:6   | Found a runed translucent door.
  8802 | D:12     | Noticed Fannar
  8810 | D:12     | Killed Fannar
  8810 | D:12     | Reached ****** piety under Trog
  9137 | D:12     | Noticed Jorgrun
  9150 | D:12     | Killed Jorgrun
  9414 | D:13     | Identified the +3 leather armour "Qegraasm" {rC+}
  9480 | D:13     | Found a gate to the Vaults.
  9489 | D:13     | Received a gift from Trog
  9625 | D:15     | Entered Level 15 of the Dungeon
  9716 | D:15     | Reached XP level 17. HP: 144/148 MP: 18/18
 10067 | D:14     | Noticed Notad's ghost (journeyman TrMo)
 10658 | Spider:1 | Entered Level 1 of the Spider Nest
 10726 | Spider:1 | Identified the +6 hand axe of Poverty {vorpal, rF- rC-
                  | rN+++ Dex+7} (Trog gifted it to you on level 1 of the
                  | Spider Nest)
 10726 | Spider:1 | Received a gift from Trog
 10775 | Spider:1 | Identified the +6 war axe "Ythrolu" {flame, rF- Int+3
                  | Dex+4}
 10793 | Spider:1 | Found a runed translucent gate.
 10793 | Spider:1 | Found a runed translucent gate.
 10793 | Spider:1 | Found a runed translucent gate.
 10795 | Spider:1 | Noticed Duxop's ghost (adept TrMo)
 10795 | Spider:1 | Noticed Noddigo's ghost (adept VSFi)
 10797 | Spider:1 | Noticed kMk's ghost (adept DrHu)
 11024 | Spider:3 | Received a gift from Trog
 11038 | Spider:3 | Noticed Donald
 11054 | Spider:3 | Killed Donald
 11141 | Spider:4 | Entered Level 4 of the Spider Nest
 11154 | Spider:4 | Gained mutation: You passively map a large area around you.
                  | [Meteoran growth]
 11154 | Spider:4 | Reached XP level 18. HP: 158/158 MP: 19/19
 11203 | Spider:2 | Reached skill level 15 in Axes
 11207 | Spider:1 | You fall into a shaft and drop 1 floor!
 11335 | Spider:2 | Reached skill level 16 in Axes
 11461 | Spider:4 | Received a gift from Trog
 11575 | Spider:4 | Reached skill level 17 in Axes
 11743 | Spider:4 | Reached skill level 18 in Axes
 11839 | Spider:4 | Reached XP level 19. HP: 117/166 MP: 2/20
 11900 | Spider:4 | Got a gossamer rune of Zot
 11993 | Spider:4 | Upgraded the game from 0.29-a0-830-gcb1280458a to
                  | 0.29-a0-834-g1e95ca9f62
 12157 | Swamp:1  | Entered Level 1 of the Swamp
 12324 | Swamp:1  | Received a gift from Trog
 12396 | Swamp:3  | Noticed Mlioglotl
 12415 | Swamp:2  | Killed Mlioglotl
 12449 | Swamp:2  | Reached skill level 15 in Dodging
 12498 | Swamp:2  | Reached skill level 15 in Armour
 12704 | Swamp:4  | Entered Level 4 of the Swamp
 12717 | Swamp:4  | Noticed a tentacled monstrosity
 12729 | Swamp:4  | Killed a tentacled monstrosity
 12842 | Swamp:4  | Noticed Bai Suzhen
 12870 | Swamp:3  | Killed Bai Suzhen
 13032 | Swamp:4  | Got a decaying rune of Zot
 13326 | Orc:2    | Glimpsed the power of Zot.
 13352 | Orc:2    | Bought a scroll of enchant armour for 135 gold pieces
 13352 | Orc:2    | Bought a scroll of enchant armour for 135 gold pieces
 13352 | Orc:2    | Bought a scroll of acquirement for 936 gold pieces
 13352 | Orc:2    | Bought a scroll of enchant armour for 135 gold pieces
 13374 | Elf:1    | Entered Level 1 of the Elven Halls
 13392 | Elf:1    | Received a gift from Trog
 13423 | Elf:1    | Reached XP level 20. HP: 137/176 MP: 21/21
 13621 | Elf:2    | Found Wurofut's Gadget Gallery.
 13656 | Elf:1    | Noticed Aizul
 13656 | Elf:1    | Paralysed by an air elemental for 1 turns
 13668 | Elf:2    | Bought a wand of paralysis (8) for 326 gold pieces
 13679 | Elf:2    | Found Uluywio's Jewellery Shoppe.
 13687 | Elf:2    | Received a gift from Trog
 13830 | Elf:3    | Entered Level 3 of the Elven Halls
 14065 | Elf:3    | Acquired 634 gold pieces
 14177 | Elf:3    | Reached skill level 15 in Fighting
 14207 | Elf:3    | Reached skill level 15 in Throwing
 14422 | Elf:3    | Received a gift from Trog
 14464 | Elf:3    | Identified the ring "Rusosuo" {rF+ Str+2}
 14505 | Elf:3    | Reached XP level 21. HP: 104/184 MP: 22/22
 14532 | Elf:3    | Killed from afar by a deep elf annihilator

Illustrated notes

Levels and vault maps discovered:
D:1:      minmay_arrival_doors, layout_basic
D:2:      layout_rooms, grunt_decor_junction, uniq_sigmund, uniq_robin,
          uniq_jessica
D:3:      layout_loops_ring, hellmonk_ecumenical_altar_inner_sanctum
D:4:      layout_rooms, grunt_temple_overflow_open, serial_shops,
          shop_fountains, nrook_mini_backslash, minmay_joined_circles
D:5:      layout_cave_pools, nicolae_overflow_crystal_walls,
          fedhas_altar_decomposition, chequers_big_river, uniq_grinder,
          uniq_eustachio
D:6:      layout_basic, nicolae_ru_path_of_blood
D:7:      layout_basic, mainiacjoe_overflow_24_doors,
          minmay_temple_entry_crystal_x
D:8:      layout_basic, lemuel_tele_altar, elyvilon_altar_3
D:9:      nzn_winding_woodlands_small [nzn_winding_woodlands_5x15_eye,
          nzn_winding_woodlands_center_diamonds,
          nzn_winding_woodlands_5x15_jagged], layout_layer_cave
D:10:     minmay_the_grid_triangle_9x9_rhombus_full
          [minmay_the_grid_triangle_9x9_skeleton,
          minmay_the_grid_triangle_9x9_shrine,
          minmay_the_grid_triangle_9x9_steps,
          minmay_the_grid_triangle_9x9_zippers_horizontal,
          minmay_the_grid_triangle_9x9_pentomino_pain,
          minmay_the_grid_triangle_9x9_from_above,
          minmay_the_grid_triangle_9x9_empty,
          minmay_the_grid_triangle_9x9_prize_center], layout_stronghold,
          enter_bailey_2, minmay_diamond_spiral
D:11:     layout_stronghold, minmay_lair_entry_grove, orc_0_dummy,
          minmay_fractal_squares_gapless_7, uniq_nergalle, uniq_urug
D:12:     layout_cave_pods, uniq_fannar, uniq_jorgrun
D:13:     layout_basic, grunt_vaults_entry_tiered, hangedman_decor_lopped,
          kennysheep_decorative_pillar, serial_bayou_lagoon_a
D:14:     layout_irregular_city, maelrawn_ghost_gauntlet_escape, minivault_27,
          uniq_lodul, uniq_agnes, uniq_roxanne
D:15:     grunt_enter_depths_magical_seal, layout_long_grid
Lair:1:   layout_cave_pods, gammafunk_ghost_grave
Lair:2:   dreamdust_isle_of_ice, layout_cave_pods, serial_bayou_lake_a
Lair:3:   layout_chaotic_city, nicolae_swamp_entry_splash_gauntlet,
          hibernation_bobbens, lemuel_fruit_tree
Lair:4:   layout_loops_ring, nicolae_spider_entry_tight_spaces,
          gauntlet_entry_generic
Lair:5:   layout_cellular_growth, slime_entry_2, grunt_megastairs_2,
          infiniplex_staircase_pool_2
Lair:6:   wormcave, layout_layer_cave, guppyfry_lair_end_dragon
Swamp:1:  layout_falls_marsh, evilmike_swamp_ruin_rubble_1
Swamp:2:  layout_falls_marsh, evilmike_swamp_ruin_rubble_2
Swamp:3:  layout_basic_swamp, lemuel_altar_in_water, uniq_mlioglotl, uniq_mara
Swamp:4:  swamp_alternative, layout_basic_swamp, swamp_pool5, uniq_bai_suzhen
Spider:1: layout_spider_delve, gammafunk_ghost_cemetery
Spider:2: layout_spider_delve, hangedman_spider_tarantella_strand
Spider:3: layout_spider_delve, uniq_donald
Spider:4: grunt_spider_rune_circles, portal_ice_cave_entry_ice_statue_two
Orc:1:    layout_diamond_mine
Orc:2:    st_orc_ogre_mass, layout_caves, serial_shops,
          nicolae_shop_overgrown_old_shop, shop, nicolae_shop_window_shopping,
          nicolae_shop_crystal, shop
Elf:1:    layout_loops_corners, ebering_ghost_rock_garden, orc_legates,
          uniq_aizul
Elf:2:    elven_hall_of_blades_hangedman_original [mumra_blade_entry_bloodbath],
          layout_geoelf_grid, serial_shops, shop, nicolae_shop_gadgets
Elf:3:    minmay_elf_hall_furrowed, layout_gridlike, grunt_megastairs_5

Skill      XL: |  1  2  3  4  5  6  7  8  9 10 11 12 13 14 15 16 17 18 19 20 |
---------------+-------------------------------------------------------------+-----
Axes           | 4 5 6 7 8 9 11 12 13 14 18 | 18.0
Armour         | 3 4 5 6 7 8 9 10 11 12 13 14 15 16 | 16.2
Dodging        | 3 4 5 6 7 8 9 10 11 12 13 14 15 16 | 16.3
Fighting       | 4 5 6 7 8 9 10 11 12 13 14 15 | 15.3
Throwing       | 3 5 6 7 9 10 11 12 13 14 15 | 15.3
Shields        | 1 3 5 6 8 9 10 11 12 13 14 | 14.9
Evocations     | 2 4 6 7 9 10 11 12 13 14 | 14.9

Action                   |  1- 3 |  4- 6 |  7- 9 | 10-12 | 13-15 | 16-18 | 19-21 || total
-------------------------+-------+-------+-------+-------+-------+-------+-------++-------
Melee: Hand axe          |    45 |   115 |   233 |   364 |   442 |       |       ||  1199
       Punch             |       |     2 |     3 |       |       |       |       ||     5
       War axe           |       |       |     9 |       |       |       |     3 ||    12
       Flail             |       |       |     4 |    13 |    10 |    13 |       ||    40
       Broad axe         |       |       |       |       |   325 |   679 |   595 ||  1599
Throw: Boomerang         |       |       |       |       |     6 |    52 |       ||    58
Invok: Berserk           |     2 |     4 |     6 |     8 |    12 |    11 |     5 ||    48
       Brothers in Arms  |       |       |       |     1 |     3 |     4 |     2 ||    10
       Trog's Hand       |       |       |       |       |     5 |     2 |     2 ||     9
Evoke: Wand              |       |       |       |       |     2 |     8 |     9 ||    19
  Use: Potion            |       |       |       |     5 |     4 |     1 |     5 ||    15
       Scroll            |       |       |       |       |    24 |     4 |     4 ||    32
 Stab: Distracted        |       |       |       |       |     1 |     2 |       ||     3
       Invisible         |       |       |       |       |       |       |     3 ||     3
Armor: Animal skin       |    17 |     6 |       |       |       |       |       ||    23
       Chain mail        |       |    66 |   119 |   154 |   265 |   281 |   192 ||  1077
       Skin              |       |       |       |    21 |       |       |       ||    21
Dodge: Dodged            |    21 |    48 |    68 |   101 |   271 |   388 |   240 ||  1137
       Repelled          |       |       |       |       |     4 |     6 |     2 ||    12
Block: Buckler           |       |       |     7 |   101 |   203 |   221 |       ||   532
       Kite shield       |       |       |       |       |       |   192 |   364 ||   556
       Reflection        |       |       |       |       |       |       |    33 ||    33
       Rpst.: Broad axe  |       |       |       |       |    29 |   211 |   139 ||   379
       Flail             |       |       |       |       |       |     6 |       ||     6
       War axe           |       |       |       |       |       |       |     2 ||     2

Table legend: (Time is in decaauts)
 A = Elapsed time spent in this place.
 B = Non-inter-level travel time spent in this place.
 C = Inter-level travel time spent in this place.
 D = Time resting spent in this place.
 E = Time spent auto-exploring this place.
 F = Levels seen in this place.
 G = Mean time per level.
                   A        B        C        D        E       F      G
               +--------+--------+--------+--------+--------+-----+--------+
         Total |  14755 |  13128 |   1627 |     15 |      1 |  35 |  421.6 |
       Dungeon |   6832 |   6098 |    734 |      4 |      0 |  15 |  455.5 |
          Lair |   2917 |   2264 |    653 |      0 |      0 |   6 |  486.2 |
         Swamp |   1058 |    994 |     64 |      7 |      0 |   4 |  264.5 |
   Spider Nest |   1376 |   1355 |     21 |      0 |      0 |   4 |  344.0 |
  Orcish Mines |   1147 |    994 |    153 |      4 |      1 |   2 |  573.5 |
   Elven Halls |   1085 |   1085 |      0 |      0 |      0 |   3 |  361.7 |
      Gauntlet |    336 |    336 |      0 |      0 |      0 |   1 |  336.0 |
               +--------+--------+--------+--------+--------+-----+--------+

Top non-repeatable levels by time:
    D:10: 953 daAuts
  Lair:6: 922 daAuts
    D:11: 893 daAuts
   Orc:2: 820 daAuts
   Elf:3: 656 daAuts
  Lair:3: 651 daAuts
Spider:4: 592 daAuts
     D:4: 541 daAuts
    D:13: 535 daAuts
     D:1: 533 daAuts
     D:9: 485 daAuts
     D:7: 454 daAuts
     D:6: 423 daAuts
  Lair:2: 411 daAuts
  Lair:4: 403 daAuts
